[Event "*** Titled Tuesday Blitz"]
[Site "Chess.com"]
[Date "2019.03.05"]
[Round "8"]
[White "yuki_chess123"]
[Black "chesstatour"]
[Result "0-1"]
[WhiteElo "2124"]
[BlackElo "2018"]
[TimeControl "180+2"]
[EndTime "14:54:15 PST"]
[Termination "chesstatour won by resignation"]

1. e4 c6 2. d3 d5 3. Nd2 dxe4 4. dxe4 e5 5. Ngf3 Qc7 6. Bc4 Be7 7. O-O Nf6 8. a4 a5 9. Qe2 O-O 10. h3 Nbd7 11. Rd1 Nb6 12. Bb3 Bd7 13. Nf1 Rad8 14. Ng3 Bc8 15. Bd2 Nbd7 16. Bc3 Bb4 17. Bxb4 axb4 18. Ng5 h6 19. Nxf7 Rxf7 20. Bxf7+ Kxf7 21. Qc4+ Kg6 22. Nf5 Nb6 23. Qe2 Bxf5 24. exf5+ Kxf5 25. a5 Nbd5 26. Qd3+ e4 27. Qd4 Qe5 28. Qb6 Nxb6 0-1

[Event "*** Titled Tuesday Blitz"]
[Site "Chess.com"]
[Date "2019.03.05"]
[Round "8"]
[White "KyronGriffith"]
[Black "Cryptinz"]
[Result "1-0"]
[WhiteElo "2331"]
[BlackElo "2315"]
[TimeControl "180+2"]
[EndTime "14:54:15 PST"]
[Termination "KyronGriffith won by checkmate"]

1. e4 c5 2. Nf3 e6 3. b3 Nf6 4. e5 Nd5 5. Bb2 b6 6. g3 Bb7 7. Bg2 Be7 8. O-O O-O 9. c4 Nc7 10. d4 d5 11. exd6 Bxd6 12. dxc5 Bxc5 13. Qe2 Nd7 14. Rd1 Qc8 15. Nc3 Nf6 16. a3 Ng4 17.
Rf1 a5 18. Ne4 Na6 19. Nxc5 Nxc5 20. Nd4 Bxg2 21. Qxg4 Bxf1 22. Nf5 g6 23. Nh6# 1-0

[Event "*** Titled Tuesday Blitz"]
[Site "Chess.com"]
[Date "2019.03.05"]
[Round "8"]
[White "LearningChess2019"]
[Black "cherryandmint"]
[Result "0-1"]
[WhiteElo "2375"]
[BlackElo "2612"]
[TimeControl "180+2"]
[EndTime "14:54:22 PST"]
[Termination "cherryandmint won by resignation"]

1. e4 e5 2. Nf3 Nc6 3. Nc3 Nf6 4.
Bb5 Bd6 5. a3 O-O 6. g4 Nd4 7.
Bc4 Nxg4 8. Nxd4 Qh4 9. Qe2 exd4 10. Nb5 Be5 11. d3 c6 12. Rg1 d5 0-1

[Event "*** Titled Tuesday Blitz"]
[Site "Chess.com"]
[Date "2019.03.05"]
[Round "8"]
[White "fmshawnrl123"]
[Black "2nd_life"]
[Result "0-1"]
[WhiteElo "2583"]
[BlackElo "2412"]
[TimeControl "180+2"]
[EndTime "14:54:50 PST"]
[Termination "2nd_life won by resignation"]

1. e4 e5 2. Nf3 Nc6 3. Bc4 Bc5 4. O-O Nf6 5. d3 Bb6 6. h3 d6 7. c3 h6 8. a4 O-O 9. b4 a5 10. b5 Ne7 11. Re1 Ng6 12. d4 Qe7 13. Ba3 Re8 14.
Nbd2 Qd8 15. Nf1 exd4 16. Nxd4 Rxe4 17. Qf3 Ne5 18. Qg3 Rxe1 19. Rxe1 Nxc4 20. Bc1 Bxd4 21. cxd4 Kf8 22. Qh4 Bf5 23. Ng3 Bg6 24. Bf4 Nd5 25. Qg4 Nxf4 26. Qxf4 d5 27. h4 Qd6 28. Qg4 Nb6 29. h5 Bh7 30. Nf5 Bxf5 31. Qxf5 Kg8 0-1

[Event "*** Titled Tuesday Blitz"]
[Site "Chess.com"]
[Date "2019.03.05"]
[Round "8"]
[White "DACF2905"]
[Black "NM2019"]
[Result "0-1"]
[WhiteElo "2077"]
[BlackElo "2104"]
[TimeControl "180+2"]
[EndTime "14:55:09 PST"]
[Termination "NM2019 won by resignation"]

1. e4 c5 2. Nf3 d6 3. d4 cxd4 4.
Nxd4 Nf6 5. Nc3 a6 6. Bg5 e5 7. Nde2 Be7 8. Bxf6 Bxf6 9. Nd5 O-O 10. g3 Be6 11.
Bg2 Nc6 12. c3 Bxd5 13. Qxd5 Qb6 14. b3 Ne7 15. Qd3 Rfd8 16. O-O Rac8 17. Rad1 Qa5 18. Qb1 g6 19. c4 b5 20. cxb5 Qxb5 21. Bf3 Bg7 22.
a4 Qb4 23. Qd3 d5 24. exd5 f5 25. d6 e4 26. dxe7 Rxd3 27. Rc1 Re8 28. Bg2 Qxe7 29. Nf4 Rxb3 0-1

[Event "*** Titled Tuesday Blitz"]
[Site "Chess.com"]
[Date "2019.03.05"]
[Round "8"]
[White "DrMelekess"]
[Black "DanielNaroditsky"]
[Result "0-1"]
[WhiteElo "2702"]
[BlackElo "2974"]
[TimeControl "180+2"]
[EndTime "14:55:10 PST"]
[Termination "DanielNaroditsky won by resignation"]

1. d4 Nf6 2. Nf3 g6 3. Nbd2 c5 4. e3 Bg7 5. Be2 cxd4 6. exd4 O-O 7. O-O d5 8. c3 Nc6 9. Re1 Bf5 10. Nf1 Ne4 11.
Ng3 Nxg3 12. hxg3 Rc8 13. Bf1 f6 14. Nh4 Bd7 15. Bd3 e5 16. Nxg6 hxg6 17. Bxg6 Ne7 18. Bc2 e4 19. Qh5 Qe8 20. Qe2 f5 21. Bf4 Qg6 22.
Bb3 a6 23. a4 Rf7 24. Qe3 Bf6 25. Be5 Bxe5 26. dxe5 f4 27. gxf4 Nf5 28. Qh3 Rh7 29. Bxd5+ Kg7 30. Qxh7+ Qxh7 31. e6 Rh8 0-1

[Event "*** Titled Tuesday Blitz"]
[Site "Chess.com"]
[Date "2019.03.05"]
[Round "8"]
[White "BlueWizzard"]
[Black "Hongjin"]
[Result "1-0"]
[WhiteElo "2678"]
[BlackElo "2517"]
[TimeControl "180+2"]
[EndTime "14:55:14 PST"]
[Termination "BlueWizzard won by resignation"]

1. d3 g6 2. e4 c5 3. Nf3 Nc6 4.
Nbd2 Bg7 5. g3 d6 6. Bg2 e5 7. a3 Nge7 8. b4 cxb4 9. axb4 Nxb4 10. Ba3 Nbc6 11. Nc4 O-O 12. Nxd6 b5 13. Nxc8 Rxc8 14.
O-O b4 15. Bb2 Qb6 16. Nd2 a5 17. Nc4 Qc7 18. Ra2 Ra8 19. Qa1 Rfd8 20. f4 b3 21.
cxb3 Rxd3 22. fxe5 Nd8 23. e6 Nxe6 24. Bxg7 Nxg7 25.
Qf6 Nc8 26. Ne5 Rd6 27. Qxf7+ Qxf7 28. Nxf7 Rb6 29. Nh6+ 1-0

[Event "*** Titled Tuesday Blitz"]
[Site "Chess.com"]
[Date "2019.03.05"]
[Round "8"]
[White "riconaipe"]
[Black "AdrianaNikolova"]
[Result "1-0"]
[WhiteElo "2444"]
[BlackElo "2435"]
[TimeControl "180+2"]
[EndTime "14:55:20 PST"]
[Termination "riconaipe won by resignation"]

1. d4 d5 2. c4 c6 3. Nf3 Nf6 4. Nc3 dxc4 5. a4 Bf5 6. Ne5 Nbd7 7. Nxc4 Qc7 8. g3 e5 9. dxe5 Nxe5 10. Bf4 Nfd7 11.
Bg2 g5 12. Nxe5 gxf4 13. Nd3 fxg3 14. hxg3 O-O-O 15. O-O h5 16. Rc1 h4 17. Nb5 Qb6 18.
Bxc6 Kb8 19. Bxd7 Rxd7 20. Qc2 Bh6 21. Qc5 Bxd3 22. Qe5+ Ka8 23. Qxh8+ Rd8 24. Rc8+ 1-0

[Event "*** Titled Tuesday Blitz"]
[Site "Chess.com"]
[Date "2019.03.05"]
[Round "8"]
[White "GremioPrudente"]
[Black "Blagorod"]
[Result "1/2-1/2"]
[WhiteElo "2052"]
[BlackElo "2122"]
[TimeControl "180+2"]
[EndTime "14:55:21 PST"]
[Termination "Game drawn by repetition"]

1. Nf3 Nc6 2. d4 d5 3. Bf4 Bg4 4. e3 e6 5. Be2 Bd6 6. Bg3 Nf6 7. O-O Bxg3 8. hxg3 O-O 9. c4 dxc4 10. Bxc4 e5 11. dxe5 Qxd1 12. Rxd1 Nxe5 13. Be2 Nxf3+ 14. Bxf3 Bxf3 15.
gxf3 Rfd8 16. Nc3 c6 17. Kf1 Kf8 18. Ke2 Ke7 19. e4 Rxd1 20. Rxd1 Rd8 21. Rxd8 Kxd8 22.
Ke3 Ke7 23. Kd4 Nd7 24. Na4 b6 25. f4 h5 26. Nc3 g6 27. e5 Ke6 28. Ne4 a6 29. b4 Nf8 30. Ng5+ Ke7 31. Ne4 Ne6+ 32. Kc4 Nc7 33. a4 Ke6 34. Ng5+ Ke7 35. Ne4 Ke6 36. Ng5+ Ke7 37. Ne4 1/2-1/2

[Event "*** Titled Tuesday Blitz"]
[Site "Chess.com"]
[Date "2019.03.05"]
[Round "8"]
[White "GadimbayliA"]
[Black "penguingm1"]
[Result "0-1"]
[WhiteElo "2847"]
[BlackElo "2894"]
[TimeControl "180+2"]
[EndTime "14:55:29 PST"]
[Termination "penguingm1 won by resignation"]

1. e4 e5 2. Nf3 Nc6 3. Nc3 Nf6 4. d4 exd4 5. Nxd4 Bb4 6. Nxc6 bxc6 7. Bd3 d5 8. exd5 cxd5 9. Qe2+ Qe7 10. Qxe7+ Kxe7 11. O-O Be6 12. Bf4 Bd6 13. Bxd6+ Kxd6 14. Nb5+ Kd7 15. f4 c6 16. Nd4 Kd6 17. b4 Rab8 18. a3 c5 19.
Nb5+ Kc6 20. Nxa7+ Kb6 21. Nb5 c4 22. Nd4 cxd3 23.
cxd3 Rhc8 24. a4 Bd7 25. Rfe1 Rc3 26. a5+ Ka6 27. Rab1 Bb5 28. Re7 Bxd3 29. Rd1 Rxb4 30. Nf3 Be4 31. Nd2 Rc2 32. Nxe4 Rxe4 33. Rxf7 Nh5 34. Rf5 Nxf4 0-1

[Event "*** Titled Tuesday Blitz"]
[Site "Chess.com"]
[Date "2019.03.05"]
[Round "8"]
[White "JoachimMouhamad"]
[Black "HanSchut"]
[Result "1-0"]
[WhiteElo "2322"]
[BlackElo "2302"]
[TimeControl "180+2"]
[EndTime "14:55:40 PST"]
[Termination "JoachimMouhamad won by resignation"]

1. e4 c5 2. Nf3 d6 3. d4 cxd4 4.
Nxd4 Nf6 5. Nc3 a6 6. f3 e5 7. Nb3 Be6 8. Be3 Be7 9. Qd2 O-O 10.
O-O-O Nbd7 11. g4 b5 12. g5 b4 13. Ne2 Ne8 14. f4 a5 15. f5 Bxb3 16. cxb3 a4 17. bxa4 Rxa4 18. Kb1 Rxa2 19. Kxa2 Qa8+ 20. Kb3 Bxg5 21.
Rc1 Qxe4 22. Bxg5 Qxh1 23. Be7 Nc5+ 24. Rxc5 dxc5 25. Ng3 Qf3+ 26. Qd3 c4+ 27. Kxc4 Qc6+ 28. Kb3 Nc7 29. Bxf8 Nb5 30. Qxb5 1-0

[Event "*** Titled Tuesday Blitz"]
[Site "Chess.com"]
[Date "2019.03.05"]
[Round "8"]
[White "Micki-taryan"]
[Black "bascheyaro"]
[Result "1-0"]
[WhiteElo "2961"]
[BlackElo "2801"]
[TimeControl "180+2"]
[EndTime "14:55:41 PST"]
[Termination "Micki-taryan won by resignation"]

1. e4 e6 2. d4 d5 3. Nd2 c5 4. exd5 exd5 5. Ngf3 Nc6 6. Bb5 c4 7. O-O Bd6 8. c3 Ne7 9. b3 cxb3 10. axb3 O-O 11.
Ba3 Bxa3 12. Rxa3 Bf5 13. Re1 a6 14. Bf1 Qd6 15. Ra1 Rae8 16. b4 Na7 17. Nb3 Ng6 18.
Nc5 Qc7 19. Qd2 Bg4 20. Re3 Nb5 21. Rae1 Rxe3 22. Rxe3 Bxf3 23. Rxf3 Nd6 24. g3 Ne4 25. Nxe4 dxe4 26. Rf5 Ne7 27. Re5 f5 28. Qa2+ Kh8 29.
Qe6 Ng6 30. Rc5 Qe7 31. Qxe7 Nxe7 32. Re5 Nc8 33. c4 g6 34. c5 Kg7 35. d5 Kf6 36. Re6+ Kf7 37. Bc4 Re8 38. d6 Na7 39. Re7+ 1-0

[Event "*** Titled Tuesday Blitz"]
[Site "Chess.com"]
[Date "2019.03.05"]
[Round "8"]
[White "TST2014"]
[Black "Quiet_Desperation"]
[Result "1-0"]
[WhiteElo "2512"]
[BlackElo "2399"]
[TimeControl "180+2"]
[EndTime "14:55:42 PST"]
[Termination "TST2014 won by resignation"]

1. d4 Nf6 2. c4 e6 3. Nf3 Bb4+ 4. Bd2 Qe7 5. Nc3 Nc6 6. e3 Bxc3 7. Bxc3 Ne4 8. Qc2 Nxc3 9. Qxc3 O-O 10. Be2 d6 11. b4 e5 12. b5 exd4 13. exd4 Re8 14. O-O Nb8 15. Rfe1 Bg4 16. h3 Bh5 17. Bd3 Qf8 18. Rxe8 Qxe8 19. Re1 Qd8 20. Be4 c6 21. Qe3 Nd7 22.
bxc6 bxc6 23. Bxc6 Rc8 24. Bb7 Rb8 25. Bd5 Nf6 26. Bc6 Qa5 27. g4 Bg6 28. g5 Qc7 29.
Bb5 Nd7 30. Qe7 Rd8 31. Qxd7 Qxd7 32. Bxd7 h6 33. Re8+ Rxe8 34. Bxe8 1-0

[Event "*** Titled Tuesday Blitz"]
[Site "Chess.com"]
[Date "2019.03.05"]
[Round "8"]
[White "volcanoexplorer"]
[Black "bootstar"]
[Result "0-1"]
[WhiteElo "2369"]
[BlackElo "2599"]
[TimeControl "180+2"]
[EndTime "14:55:52 PST"]
[Termination "bootstar won by checkmate"]

1. e4 c5 2. Nf3 Nc6 3. d4 cxd4 4. Nxd4 e5 5. Nb5 d6 6. N1c3 a6 7. Na3 Be6 8. Nd5 Nf6 9. Bg5 Bxd5 10. exd5 Qa5+ 11. c3 Qxd5 12. Qxd5 Nxd5 13. O-O-O Nc7 14.
Nc4 f6 15. Be3 d5 16. Bb6 O-O-O 17. Be2 dxc4 18. Bg4+ Kb8 19. Rxd8+ Nxd8 20. Rd1 Nc6 21. Rd7 Na8 22. Be3 Be7 23. Bf3 Bd8 24. Bc5 Bc7 25.
Rxg7 Nb6 26. h4 f5 27. g4 e4 28. Bg2 Bf4+ 29. Kc2 Na4 30. Ba3 Rd8 31. b3 Rd2+ 32. Kb1 Nxc3+ 33. Kc1 Nxa2+ 34. Kb1 Nc3+ 35. Kc1 Rxf2# 0-1

[Event "*** Titled Tuesday Blitz"]
[Site "Chess.com"]
[Date "2019.03.05"]
[Round "8"]
[White "Vuk2000"]
[Black "UCantHandleDenker"]
[Result "0-1"]
[WhiteElo "2718"]
[BlackElo "2556"]
[TimeControl "180+2"]
[EndTime "14:55:54 PST"]
[Termination "UCantHandleDenker won by resignation"]

1. e4 d6 2. d4 Nf6 3. Nc3 g6 4. Nf3 Bg7 5. Be2 O-O 6. O-O c6 7.
a4 Qc7 8. Be3 Nbd7 9. Nd2 e5 10.
dxe5 Nxe5 11. h3 b6 12. f4 Ned7 13. Bf3 Ba6 14. Re1 Rad8 15. Ra3 Rfe8 16. b4 Bb7 17. a5 Qb8 18. axb6 axb6 19. Nc4 d5 20. Ne5 dxe4 21. Nc4 exf3 22. Qxf3 c5 0-1

[Event "*** Titled Tuesday Blitz"]
[Site "Chess.com"]
[Date "2019.03.05"]
[Round "8"]
[White "Romn69"]
[Black "Atanejhad"]
[Result "0-1"]
[WhiteElo "2217"]
[BlackElo "2241"]
[TimeControl "180+2"]
[EndTime "14:56:10 PST"]
[Termination "Atanejhad won by resignation"]

1. d4 Nf6 2. Nf3 c5 3. d5 e6 4.
c4 b5 5. e4 Nxe4 6. Bd3 Nf6 7.
dxe6 fxe6 8. cxb5 d5 9. O-O Bd6 10. Bg5 O-O 11. Nc3 Nbd7 12. Qe2 Qe7 13. Rae1 Re8 14. a4 c4 15. Bc2 Nc5 16. Ne5 Bb7 17.
f4 d4 18. Qxc4 dxc3 19. b4 Ncd7 20. Qxc3 Bxb4 21. Qb3 Bxe1 22. Rxe1 Rac8 23. Kh1 Bd5 24.
Qb1 Qc5 25. Bb3 Nxe5 26. fxe5 Ng4 27. Bh4 0-1

[Event "*** Titled Tuesday Blitz"]
[Site "Chess.com"]
[Date "2019.03.05"]
[Round "8"]
[White "tteshan"]
[Black "LaughingTiger"]
[Result "0-1"]
[WhiteElo "2197"]
[BlackElo "2150"]
[TimeControl "180+2"]
[EndTime "14:56:11 PST"]
[Termination "LaughingTiger won by resignation"]

1. d4 Nf6 2. c4 g6 3. Nc3 Bg7 4.
e4 d6 5. Be2 O-O 6. Bg5 Nbd7 7.
Qd2 c5 8. d5 a6 9. h4 b5 10. cxb5 axb5 11. Bxb5 h5 12. Nge2 Rb8 13. a4 Ne5 14. Bh6 Bd7 15. Bxg7 Kxg7 16. f3 Qa5 17.
O-O-O Bxb5 18. axb5 Nc4 19. Qd3 Qb4 20. Qb1 Ra8 21. Rd3 Ra7 22. Kc2 Rfa8 23. f4 Ra1 24. Qxa1 Rxa1 25. Rxa1 Qxb2+ 26. Kd1 Qxa1+ 27. Nc1 Nb2+ 0-1

[Event "*** Titled Tuesday Blitz"]
[Site "Chess.com"]
[Date "2019.03.05"]
[Round "8"]
[White "TheBigBadChessDad"]
[Black "nfogaras"]
[Result "1-0"]
[WhiteElo "2360"]
[BlackElo "1820"]
[TimeControl "180+2"]
[EndTime "14:56:18 PST"]
[Termination "TheBigBadChessDad won on time"]

1. d4 d5 2. Bf4 c6 3. e3 e6 4. c4 f5 5. Nc3 Nf6 6. Bg5 Be7 7. Bxf6 Bxf6 8. f4 O-O 9. Nf3 Nd7 10.
Rc1 Be7 11. c5 Nf6 12. Be2 Bd7 13. O-O Be8 14. Ne5 Ne4 15. Nxe4 fxe4 16. Bg4 Bd7 17. b4 Bf6 18. Qb3 Bxe5 19. fxe5 Qe7 20. a4 a6 21. Qc2 Qg5 22. Qe2 Rxf1+ 23. Rxf1 Rf8 24. Rxf8+ Kxf8 25. Qf2+ Ke7 26. Qf4 Qxf4 27. exf4 Be8 28. Kf2 Bg6 29. Ke3 Bf5 30. Be2 h6 31. b5 axb5 32. axb5 Bg6 33. b6 Kd7 34. g4 Bf7 35. f5 g5 36. fxg6 Bxg6 37. Kf4 Bf7 38. h4 1-0

[Event "*** Titled Tuesday Blitz"]
[Site "Chess.com"]
[Date "2019.03.05"]
[Round "8"]
[White "toog"]
[Black "Witaliss"]
[Result "0-1"]
[WhiteElo "2225"]
[BlackElo "2389"]
[TimeControl "180+2"]
[EndTime "14:56:19 PST"]
[Termination "Witaliss won by resignation"]

1. e4 d5 2. exd5 Nf6 3. d4 Nxd5 4. Nf3 g6 5. c4 Nb6 6. Nc3 Bg7 7. Be3 O-O 8. Qd2 Bg4 9. h3 Bxf3 10. gxf3 Nc6 11. O-O-O e5 12. d5 Nd4 13. f4 Nf5 14. Bd3 Nxe3 15.
fxe3 exf4 16. exf4 f5 17. h4 Qf6 18. h5 c6 19. hxg6 hxg6 20. dxc6 bxc6 21. c5 Nd5 22.
Bc4 Rfd8 23. Qc2 Kf8 24. Nxd5 cxd5 25. Bxd5 Rac8 26. Rh2 Qe7 27. c6 Qd6 28. Rhd2 Qxf4 29.
Kb1 Rd6 30. Qb3 Rcd8 31. Qb7 Rxd5 32. Rxd5 Qe4+ 33. Ka1 Rxd5 34. Qc8+ Kf7 35. Qb7+ Kf6 36. Rc1 Rd2 37. c7 Qxb7 0-1

[Event "*** Titled Tuesday Blitz"]
[Site "Chess.com"]
[Date "2019.03.05"]
[Round "8"]
[White "W_Amadeus"]
[Black "Salem-AR"]
[Result "0-1"]
[WhiteElo "2633"]
[BlackElo "2912"]
[TimeControl "180+2"]
[EndTime "14:56:25 PST"]
[Termination "Salem-AR won by resignation"]

1. e4 c5 2. Nf3 d6 3. Bb5+ Nd7 4. O-O a6 5. Bd3 Ngf6 6. Re1 g6 7. c3 Bh6 8. Bc2 Ne5 9. Nxe5 dxe5 10. Na3 b5 11. d4 Bxc1 12. Rxc1 cxd4 13. cxd4 Qxd4 14. Qxd4 exd4 15. e5 Nd5 16. Be4 Bb7 17. Nc2 d3 18.
Bxd3 Nf4 19. Bf1 Rd8 20. Nb4 Rd7 21. a4 bxa4 22. Nxa6 Bxa6 23. Bxa6 O-O 24. g3 Ne6 25. Re4 Rb8 26. Rc8+ Rxc8 27. Bxc8 Rd1+ 28. Kg2 Nc5 29. Rc4 Rd5 30. f4 e6 31. Kf3 Kf8 32. Rb4 Rd8 33.
Bb7 Rb8 34. Rb5 Nxb7 35. h4 Ke7 0-1

[Event "*** Titled Tuesday Blitz"]
[Site "Chess.com"]
[Date "2019.03.05"]
[Round "8"]
[White "Supernotar"]
[Black "eljanov"]
[Result "0-1"]
[WhiteElo "2525"]
[BlackElo "2765"]
[TimeControl "180+2"]
[EndTime "14:56:28 PST"]
[Termination "eljanov won by checkmate"]

1. d4 Nf6 2. c4 e6 3. Nf3 b6 4. g3 Bb7 5. Bg2 Be7 6. O-O O-O 7. Nc3 Ne4 8. Bd2 Bf6 9. Rc1 c5 10.
dxc5 bxc5 11. Qc2 Nxd2 12. Qxd2 Qb6 13. Rfd1 Rd8 14. b3 Be7 15. Ne1 Nc6 16. Nc2 d6 17. h4 Ne5 18. Bxb7 Qxb7 19. Qf4 a6 20. Rd2 f5 21. Rcd1 h6 22. Na4 Qc6 23. Qe3 g5 24. hxg5 hxg5 25. f4 gxf4 26. gxf4 Kf7 27. Ne1 Rg8+ 28.
Kf1 Qh1+ 29. Kf2 Qg1# 0-1

[Event "*** Titled Tuesday Blitz"]
[Site "Chess.com"]
[Date "2019.03.05"]
[Round "8"]
[White "SimonKnightRivendell"]
[Black "LarissaSteenbekkers"]
[Result "0-1"]
[WhiteElo "1994"]
[BlackElo "2020"]
[TimeControl "180+2"]
[EndTime "14:56:29 PST"]
[Termination "LarissaSteenbekkers won by checkmate"]

1. Nf3 Nf6 2. g3 g6 3. Bg2 Bg7 4. O-O O-O 5. d3 d5 6. c3 c5 7. Nbd2 Nc6 8. Qc2 d4 9. a4 e5 10. Nc4 Nd5 11. Bg5 f6 12. Bd2 Be6 13. Rfb1 Qd7 14. e4 dxe3 15. Nxe3 Rad8 16. Ne1 Nce7 17. b4 cxb4 18. cxb4 f5 19. Nc4 f4 20. Be4 Bf5 21.
Kg2 Nc6 22. Qa2 Kh8 23. b5 Nd4 24. Bb4 Bxe4+ 25. dxe4 f3+ 26. Kh1 Nxb4 27. Rxb4 Qh3 28. Ne3 Bh6 29. Nd5 Qf1# 0-1

[Event "*** Titled Tuesday Blitz"]
[Site "Chess.com"]
[Date "2019.03.05"]
[Round "8"]
[White "Zq1"]
[Black "Slovak_fighter2000"]
[Result "1-0"]
[WhiteElo "2552"]
[BlackElo "2472"]
[TimeControl "180+2"]
[EndTime "14:56:31 PST"]
[Termination "Zq1 won by resignation"]

1. d4 Nf6 2. c4 e6 3. g3 d5 4. Bg2 Bb4+ 5. Nd2 O-O 6. Nf3 c6 7. Qc2 Nbd7 8. O-O b6 9. b3 Bb7 10. Bb2 a5 11. a3 Be7 12. e4 Rc8 13. Rac1 dxe4 14. Nxe4 c5 15. Nxf6+ Nxf6 16. Rfd1 cxd4 17. Nxd4 Bxg2 18. Kxg2 Qc7 19. Qe2 Rfd8 20. Qf3 Ne8 21.
Nb5 Qb8 22. h4 Rxd1 23. Rxd1 Rd8 24. Rxd8 Qxd8 25. Qc6 Bf6 26. Bxf6 Nxf6 27. Nd6 h6 28. b4 axb4 29. axb4 Nd7 30. Nb7 Qe7 31. Qc7 Kf8 32.
Nd6 g6 33. Nc8 Qxb4 34. Qxd7 Qxc4 35. Qxf7+ Kxf7 36. Nd6+ Kf6 37. Nxc4 b5 38. Nb2 g5 39. hxg5+ hxg5 40. Kf3 Kf5 41. Ke3 Ke5 42. f3 Kf5 43. Nd3 e5 44. g4+ Kf6 45. Ke4 Ke6 46. Nxe5 b4 47. Nd3 b3 48. Nc5+ 1-0

[Event "*** Titled Tuesday Blitz"]
[Site "Chess.com"]
[Date "2019.03.05"]
[Round "8"]
[White "The_Lost_Rogainer"]
[Black "BillForster"]
[Result "1-0"]
[WhiteElo "2099"]
[BlackElo "1727"]
[TimeControl "180+2"]
[EndTime "14:56:32 PST"]
[Termination "The_Lost_Rogainer won by resignation"]

1. d4 d5 2. c4 c6 3. cxd5 cxd5 4.
Bf4 Nf6 5. e3 Nc6 6. Nc3 e6 7.
Bd3 Bd6 8. Bxd6 Qxd6 9. f4 Bd7 10.
Nf3 O-O-O 11. O-O Kb8 12. Ne5 Rdf8 13. a3 g5 14. Nxd7+ Nxd7 15. fxg5 h6 16. g6 fxg6 17.
Qg4 Nf6 18. Qh3 g5 19. Nb5 Qe7 20. Qg3+ e5 21. dxe5 Qxe5 22. Qxe5+ Nxe5 23. Bc2 Ne4 24. Nd4 Nd2 25. Rxf8+ Rxf8 26. Rd1 Ne4 27. Bb3 Rf2 28. Bxd5 Rd2 29. Rxd2 Nxd2 30. Nf5 Nd3 31. b4 h5 32. Ng7 h4 33. Ne6 Nb1 34. Be4 Nxa3 35. Bxd3 1-0

[Event "*** Titled Tuesday Blitz"]
[Site "Chess.com"]
[Date "2019.03.05"]
[Round "8"]
[White "1stSecond"]
[Black "SaraciNderim"]
[Result "0-1"]
[WhiteElo "2745"]
[BlackElo "2747"]
[TimeControl "180+2"]
[EndTime "14:56:36 PST"]
[Termination "SaraciNderim won by resignation"]

1. Nf3 Nf6 2. c4 g6 3. Nc3 Bg7 4. e4 d6 5. d4 O-O 6. Be2 c5 7. O-O cxd4 8. Nxd4 Nc6 9. Be3 Bd7 10. f3 a5 11. Na4 Nxd4 12. Bxd4 Bxa4 13. Qxa4 Nxe4 14.
Bxg7 Nc5 15. Qd1 Kxg7 16. Qd4+ e5 17. Qd2 Qb6 18. Kh1 Ne6 19. Rad1 Nd4 20. f4 f6 21. Bf3 Qb4 22. Qd3 Rac8 23. Bd5 b5 24. b3 a4 25. Rb1 axb3 26. axb3 Rc7 27. Rf2 Qc5 28. Rbf1 bxc4 29. bxc4 Ra7 30. Rb2 Nf5 31. Be4 Qd4 32.
Qb1 Ne3 33. Rc1 exf4 34. Rb7+ Rxb7 35. Qxb7+ Rf7 36. Qa8 Ng4 0-1

[Event "*** Titled Tuesday Blitz"]
[Site "Chess.com"]
[Date "2019.03.05"]
[Round "8"]
[White "vgyogi"]
[Black "JSMastropiero"]
[Result "1-0"]
[WhiteElo "2154"]
[BlackElo "2215"]
[TimeControl "180+2"]
[EndTime "14:56:42 PST"]
[Termination "vgyogi won by resignation"]

1. d4 Nf6 2. Bg5 e6 3. e4 h6 4. Bxf6 Qxf6 5. c3 d5 6. Bd3 b6 7. Nf3 Bb7 8. Nbd2 Qd8 9. O-O Be7 10. Re1 O-O 11. exd5 Bxd5 12. Ne4 Nd7 13. Qe2 c5 14. Rad1 Qc7 15. c4 Bb7 16. d5 exd5 17. Nc3 Rfe8 18.
Nxd5 Bxd5 19. cxd5 Nf6 20. Bb5 Kf8 21. Bxe8 Rxe8 22.
Qb5 Rd8 23. Qc4 Bd6 24. a4 Qb7 25. Rd2 a6 26. Red1 b5 27. axb5 axb5 28. Qh4 Re8 29. Re1 Rxe1+ 30. Nxe1 Qe7 31. Kf1 c4 32. Qd4 Bc5 33.
d6 Qa7 34. Qf4 Nd7 35. Nf3 Qa1+ 36. Ne1 Bb4 37. Re2 Bxe1 38. Rxe1 Qxb2 39. Qe4 Nf6 40.
Qe7+ Kg8 41. d7 Nxd7 42. Qxd7 c3 43. Qf5 g6 44. Qf6 1-0

[Event "*** Titled Tuesday Blitz"]
[Site "Chess.com"]
[Date "2019.03.05"]
[Round "8"]
[White "LawrenceTrent"]
[Black "Doraemon7"]
[Result "0-1"]
[WhiteElo "2535"]
[BlackElo "2614"]
[TimeControl "180+2"]
[EndTime "14:56:46 PST"]
[Termination "Doraemon7 won by resignation"]

1. e4 e5 2. Nf3 Nc6 3. Bb5 f5 4.
d3 fxe4 5. dxe4 Nf6 6. O-O Bc5 7. Qd3 d6 8. Nc3 O-O 9. Bg5 Kh8 10. Nd5 Bg4 11. Nh4 Nd4 12. Qg3 Be2 13. Bd3 Bxf1 14. Rxf1 c6 15. Ne3 Ne6 16. Nef5 Nxg5 17. Qxg5 Qd7 18.
Bc4 d5 19. exd5 cxd5 20. Rd1 Bxf2+ 21. Kh1 Ne4 22. Qh5 Bxh4 23. Nxh4 Nf2+ 24. Kg1 Nxd1 25. Ng6+ Kg8 26. Bxd5+ Rf7 27. c4 hxg6 28. Qxd1 Kf8 29.
Qb3 Re8 30. h3 e4 31. Qe3 Rf5 32. Qc5+ Qe7 33. Qe3 Rxd5 34. cxd5 Qe5 35. Qc5+ Kg8 36. Qc4 Kh7 37. d6 Rd8 0-1

[Event "*** Titled Tuesday Blitz"]
[Site "Chess.com"]
[Date "2019.03.05"]
[Round "8"]
[White "SamCopeland"]
[Black "BASSU1"]
[Result "0-1"]
[WhiteElo "2038"]
[BlackElo "2099"]
[TimeControl "180+2"]
[EndTime "14:56:49 PST"]
[Termination "BASSU1 won by checkmate"]

1. e4 e5 2. Nf3 Nc6 3. Bc4 Bc5 4. b4 Bb6 5. a4 a6 6. c3 Nf6 7. d3 d6 8. h3 h6 9. Nbd2 Be6 10. Bxe6 fxe6 11.
Qb3 Qd7 12. Nc4 Ba7 13. Be3 Nh5 14. d4 exd4 15. cxd4 O-O 16. O-O Rxf3 17. gxf3 Nxd4 18. Bxd4 Bxd4 19. Rad1 Nf4 20. Kh2 Qf7 21. Rg1 b5 22.
Ne3 Ne2 23. Rge1 Qxf3 24. Qxe6+ Kh8 25. Qf5 Be5+ 26. Qxe5 dxe5 27. Rf1 Rf8 28. Rd7 Qf4+ 29. Kg2 Qxe4+ 30. Kh2 Qf4+ 31. Kg2 Qf3+ 32. Kh2 Nf4 33. Ng4 Qxh3+ 34. Kg1 Qg2# 0-1

[Event "*** Titled Tuesday Blitz"]
[Site "Chess.com"]
[Date "2019.03.05"]
[Round "8"]
[White "DawidCzerw"]
[Black "VeraNebolsina"]
[Result "1-0"]
[WhiteElo "2275"]
[BlackElo "2331"]
[TimeControl "180+2"]
[EndTime "14:56:51 PST"]
[Termination "DawidCzerw won by resignation"]

1. d4 Nf6 2. c4 g6 3. Nc3 d5 4. Nf3 Bg7 5. Bg5 Ne4 6. h4 Nxc3 7. bxc3 h6 8. Bf4 dxc4 9. e4 b5 10. Qb1 c6 11. a4 a6 12. Be2 O-O 13. h5 g5 14.
Bxg5 hxg5 15. h6 Bf6 16. e5 Bg4 17. axb5 cxb5 18. exf6 exf6 19. Qe4 Bxf3 20. Qxf3 Ra7 21. Qf5 Nc6 22. Bf3 Re8+ 23. Kf1 Qd6 24. Be4 Rxe4 25. Qxe4 Re7 26. Qf3 Nd8 27. g3 Ne6 28. Qxf6 Qd5 29. Kg1 1-0

[Event "*** Titled Tuesday Blitz"]
[Site "Chess.com"]
[Date "2019.03.05"]
[Round "8"]
[White "Annawel"]
[Black "joppie2"]
[Result "0-1"]
[WhiteElo "2893"]
[BlackElo "2790"]
[TimeControl "180+2"]
[EndTime "14:56:59 PST"]
[Termination "joppie2 won by checkmate"]

1. Nf3 d5 2. g3 Nf6 3. Bg2 e6 4. O-O Be7 5. d3 O-O 6. Nbd2 c5 7. e4 Nc6 8. e5 Nd7 9. Qe2 b5 10. Re1 a5 11. h4 Bb7 12. Nf1 Qc7 13. Bf4 Rfc8 14. N1h2 Qd8 15. h5 h6 16. Ng4 Bf8 17. Qd2 Nd4 18. Nh4 b4 19. c3 Nc6 20. Nf3 a4 21. Rac1 a3 22. c4 axb2 23. Qxb2 Ne7 24. Nd2 Ra3 25. Nb3 Rca8 26. Ra1 R8a7 27. Qd2 Qa8 28.
Nxh6+ gxh6 29. Bxh6 Bxh6 30. Qxh6 Rxb3 31. Qg5+ Kf8 32. h6 Ng6 33. Bf3 Rxd3 34. Bh5 Qe8 35. Bxg6 fxg6 36. Qf4+ Kg8 37. Rad1 Rxd1 38. Rxd1 Nf8 39.
cxd5 Bxd5 40. Rc1 Qf7 41. Qh4 Qf3 42. Qh2 Rh7 43. Re1 Rxh6 44. Qxh6 Qg2# 0-1